[Event "Late-Titled-Tuesday-Blitz-June-18-2024"]
[Site "Chess.com"]
[Date "2024.06.18"]
[Round "6"]
[White "Journey_to_GrandMaster_YT"]
[Black "ClauAmura"]
[Result "0-1"]
[WhiteElo "2617"]
[BlackElo "2388"]
[TimeControl "180+1"]
[EndTime "15:09:02 PDT"]
[Termination "ClauAmura won on time"]

1. d4 d5 2. c4 e6 3. Nc3 Be7 4. Bf4 Nf6 5. e3 O-O 6. Qc2 c5 7. cxd5 Nxd5 8. Nxd5 Qxd5 9. dxc5 Bxc5 10. a3 Nc6 11. Rd1 Qf5 12. Bd3 Qh5 13. Bxh7+ Qxh7 14. Qxc5 Qe4 15. Nf3 e5 16. Bg3 Bg4 17. Qd5 Bxf3 18.
gxf3 Qf5 19. O-O Rad8 20. Qe4 Qe6 21. Bh4 f5 22. Qc2 Qg6+ 23. Kh1 Rde8 24. Qc4+ Kh7 25. Rg1 Qh5 26. Rg3 e4 27. Rh3 Ne5 28. Qc7 Rf7 29.
Qd6 Nxf3 30. Qf4 g5 31. Qd6 gxh4 32. Qf4 Qg4 33. Qd6 Qxh3 34. Rd5 Rg7 0-1

[Event "Late-Titled-Tuesday-Blitz-June-18-2024"]
[Site "Chess.com"]
[Date "2024.06.18"]
[Round "6"]
[White "romulocardoso"]
[Black "ChessAdvanceUSA"]
[Result "0-1"]
[WhiteElo "2313"]
[BlackElo "2476"]
[TimeControl "180+1"]
[EndTime "15:09:02 PDT"]
[Termination "ChessAdvanceUSA won by resignation"]

1. e4 g6 2. Nf3 Bg7 3. d4 d5 4. exd5 Nf6 5. Nc3 Nxd5 6. Bc4 c6 7.
O-O O-O 8. Re1 Bg4 9. Nxd5 cxd5 10. Be2 Nc6 11. c3 e6 12. h3 Bxf3 13. Bxf3 b5 14. Bf4 a5 15. Qd2 b4 16. Bh6 Qb6 17. Bxg7 Kxg7 18. Rad1 Rfc8 19. c4 dxc4 20. d5 Rd8 21.
Qg5 exd5 22. Bxd5 Qc5 23. h4 h6 24. Qd2 Ne7 25. Bxa8 Rxd2 26. Rxd2 c3 27. bxc3 bxc3 28. Rc2 Nf5 29. h5 Nd4 30. Rcc1 c2 31. Be4 gxh5 32. Bxc2 Nxc2 33. Re2 h4 34. Rexc2 Qg5 35. Rc5 Qd2 36. R5c2 Qd8 37. Rc8 Qg5 38. R8c5 Qd2 39. R1c2 Qe1+ 40. Kh2 h3 41. Kxh3 Qh1+ 42. Kg3 h5 43. Rg5+ Kf6 44. Rxa5 h4+ 45. Kf3 h3 46. Re2 hxg2 47. Ra6+ Kg7 48. Re1 g1=Q+ 0-1

[Event "Late-Titled-Tuesday-Blitz-June-18-2024"]
[Site "Chess.com"]
[Date "2024.06.18"]
[Round "6"]
[White "SocoLoco"]
[Black "VirtualCoach"]
[Result "0-1"]
[WhiteElo "2173"]
[BlackElo "2346"]
[TimeControl "180+1"]
[EndTime "15:09:02 PDT"]
[Termination "VirtualCoach won on time"]

1. e4 c5 2. Nc3 a6 3. d3 b5 4. g3 Bb7 5. Bg2 e6 6. h3 d5 7. f4 Nf6 8. Bd2 b4 9. Nce2 dxe4 10.
g4 Qc7 11. g5 exd3 12. gxf6 Bxg2 13. fxg7 Bxg7 14. Ng3 Bxh1 15. Nxh1 Qc6 16. Qg4 Bxb2 17.
Rb1 Bd4 18. Nf3 dxc2 19. Rc1 Bb2 20. Rxc2 Qe4+ 21. Kd1 Bf6 22. Nf2 Qg6 23. Rxc5 Nd7 24. Rc7 Rd8 25. Ke1 O-O 26. Bxb4 Rfe8 27. Qxg6+ hxg6 28. Ne4 Be7 29. Bxe7 Rxe7 30. Ne5 Kf8 31. Nc6 Nf6 32.
Rxe7 Nxe4 33. Rxf7+ Kxf7 34. Nxd8+ Kf6 35. Nc6 Nc5 36. Nb4 Kf5 37. Kf2 Kxf4 38. Nc6 e5 39.
Ne7 g5 40. Ng6+ Kf5 41. Ne7+ Ke4 42. Kg3 Kd3 43. Kg4 e4 44. Nf5 Ne6 45. Ng3 e3 46.
Kf5 Nf4 0-1

[Event "Late-Titled-Tuesday-Blitz-June-18-2024"]
[Site "Chess.com"]
[Date "2024.06.18"]
[Round "6"]
[White "sirinbaba33"]
[Black "Mikhail_Golubev"]
[Result "0-1"]
[WhiteElo "2506"]
[BlackElo "2669"]
[TimeControl "180+1"]
[EndTime "15:09:03 PDT"]
[Termination "Mikhail_Golubev won on time"]

1. e4 c5 2. Nf3 d6 3. d4 Nf6 4. Nc3 cxd4 5. Nxd4 Nc6 6. Bg5 e6 7. Qd2 a6 8. Nxc6 bxc6 9. O-O-O Be7 10. Bc4 d5 11.
Bb3 O-O 12. Rhe1 a5 13. e5 Nd7 14. Bxe7 Qxe7 15. Na4 Nc5 16. Kb1 Nxa4 17. Bxa4 c5 18. c3 Bd7 19. Bc2 Rfb8 20. Ka1 Bb5 21. f4 a4 22. a3 Bc4 23. Rb1 Rb6 24. g3 Qb7 25. f5 Rb8 26. Bxa4 Qa6 27. f6 Bd3 28. Bc2 Bxc2 29. Qxc2 gxf6 30. exf6 Rb3 31. Re3 c4 32. Rf3 Ra8 33. Rbf1 Rxa3+ 34. bxa3 Qxa3+ 0-1

[Event "Late-Titled-Tuesday-Blitz-June-18-2024"]
[Site "Chess.com"]
[Date "2024.06.18"]
[Round "6"]
[White "monomita"]
[Black "VaglioSagan"]
[Result "0-1"]
[WhiteElo "2763"]
[BlackElo "2529"]
[TimeControl "180+1"]
[EndTime "15:09:04 PDT"]
[Termination "VaglioSagan won by resignation"]

1. d4 d5 2. Nc3 Nf6 3. Bf4 c5 4. e3 a6 5. Nf3 Nc6 6. Ne5 Bf5 7. g4 Be4 8. f3 Bg6 9. h4 h5 10. Nxg6 fxg6 11. g5 Ng8 12. Qd3 Kf7 13. dxc5 e6 14. Bh3 Nge7 15. O-O-O Qa5 16. Bd6 Nb4 17. Qd4 Nec6 18.
Qf4+ Ke8 19. Bxe6 Be7 20. Qf7+ Kd8 21. Bxd5 Bxd6 22. Be6 Ne7 23. Rxd6+ Kc7 24. Qxe7+ Kb8 25. a3 Nc6 26. Rhd1 Nxe7 27. Ne4 Ka7 28. Rd7 Nc6 29. Bd5 Rac8 30. Rxg7 Rhd8 31. Nd6 Rc7 32. Nc4 Qxc5 33. Rxc7 Rxd5 34. Rxd5 Qxd5 35. Nd2 Qe5 36. Rf7 Qxe3 37. c3 Qe1+ 38. Kc2 Qxh4 39. Ne4 Ne5 40. Re7 Nxf3 41. Nc5 Qf2+ 0-1

[Event "Late-Titled-Tuesday-Blitz-June-18-2024"]
[Site "Chess.com"]
[Date "2024.06.18"]
[Round "6"]
[White "Masterisback04"]
[Black "subham777"]
[Result "0-1"]
[WhiteElo "2130"]
[BlackElo "2624"]
[TimeControl "180+1"]
[EndTime "15:09:04 PDT"]
[Termination "subham777 won on time"]

1. e4 e6 2. d4 d5 3. e5 c5 4. c3 Nc6 5. Nf3 Qb6 6. a3 cxd4 7. cxd4 Bd7 8. b4 Nge7 9. Be2 Nf5 10. Bb2 h5 11.
O-O g5 12. Nc3 g4 13. Na4 gxf3 14. Nxb6 fxe2 15. Qxe2 axb6 16. Rfd1 Be7 17. Rd3 h4 18. h3 Rc8 19. Rf3 Ncxd4 20. Bxd4 Nxd4 21. Qe3 Nxf3+ 22. Qxf3 Rg8 23. Qe3 Rc6 24. Qd4 Bd8 25. a4 Rc4 26.
Qd2 Be7 27. b5 Bb4 28. Qd3 Rg6 29. Rb1 Bc5 30. Ra1 Rd4 31. Qc2 Rf4 32. Rf1 Rg5 33.
Kh1 Rxe5 34. Qh7 Ref5 35. Qh8+ Bf8 0-1

[Event "Late-Titled-Tuesday-Blitz-June-18-2024"]
[Site "Chess.com"]
[Date "2024.06.18"]
[Round "6"]
[White "GMChessrob"]
[Black "EliteChess0967"]
[Result "1-0"]
[WhiteElo "2642"]
[BlackElo "2384"]
[TimeControl "180+1"]
[EndTime "15:09:05 PDT"]
[Termination "GMChessrob won by resignation"]

1. d4 d5 2. c4 e6 3. Nf3 Nf6 4.
g3 Be7 5. Bg2 O-O 6. O-O dxc4 7.
Qc2 a6 8. a4 Bd7 9. Qxc4 Bc6 10. Bg5 Nbd7 11. Nc3 h6 12. Bxf6 Nxf6 13. Rfe1 Ne4 14.
Ne5 Bd5 15. Qd3 Nxc3 16. bxc3 Bxg2 17. Kxg2 c5 18. a5 Bf6 19. Nf3 b5 20. axb6 Qxb6 21. Ra4 Rfc8 22. Rea1 a5 23. Rb1 Qc6 24. Qb5 Qe4 25. Rb2 cxd4 26. cxd4 Rc2 27. Rxc2 Qxc2 28. e3 Qc7 29. Ne1 Bd8 30. Nd3 Rb8 31. Qc4 Qb7+ 32. Kg1 Qb1+ 33. Kg2 Qb7+ 34. Kh3 Qf3 35. Ra2 h5 36. Ne5 Qf5+ 37. Kg2 h4 38. g4 Qb1 39.
h3 Qb5 40. Qxb5 Rxb5 41. Rc2 a4 42. Rc8 Rd5 43. Nc6 a3 44. Ra8 Kh7 45. Nxd8 a2 46.
Nc6 Rd6 47. Ne5 1-0

[Event "Late-Titled-Tuesday-Blitz-June-18-2024"]
[Site "Chess.com"]
[Date "2024.06.18"]
[Round "6"]
[White "Eloist"]
[Black "Chessbard1972"]
[Result "1-0"]
[WhiteElo "2453"]
[BlackElo "2290"]
[TimeControl "180+1"]
[EndTime "15:09:06 PDT"]
[Termination "Eloist won by resignation"]

1. e4 c5 2. Nf3 a6 3. g3 Nc6 4. Bg2 g6 5. O-O Bg7 6. c3 e5 7. Na3 Nge7 8. Nc2 O-O 9. d4 cxd4 10. cxd4 d5 11. Nxe5 dxe4 12. Nxc6 Nxc6 13. d5 Ne5 14. Bxe4 Bg4 15. f3 Bh3 16. Re1 Qb6+ 17. Be3 Qxb2 18. Bd4 Qb5 19. Rb1 Qd7 20. f4 Ng4 21. Bxg7 Kxg7 22. Qd4+ Kg8 23. d6 b5 24. Nb4 Rad8 25. Rbd1 Qe6 26. Bg2 Nxh2 27. Rxe6 Bxe6 28. Kxh2 Rd7 29. Nc6 f6 30. Ne7+ Kf7 31. Bc6 Rdd8 32. f5 gxf5 33. Qh4 Kg7 34. d7 Rf7 35. Nd5 Bxd7 36.
Ne3 Re8 37. Bxd7 Rxe3 38. Bxf5 h6 39. Qg4+ Kf8 40. Rd8+ Ke7 41. Qd4 Re2+ 42. Kh3 Rd2 43. Qxd2 1-0

[Event "Late-Titled-Tuesday-Blitz-June-18-2024"]
[Site "Chess.com"]
[Date "2024.06.18"]
[Round "6"]
[White "Oleg_Papayan"]
[Black "KarlEmilElmer"]
[Result "0-1"]
[WhiteElo "2523"]
[BlackElo "2298"]
[TimeControl "180+1"]
[EndTime "15:09:07 PDT"]
[Termination "KarlEmilElmer won by checkmate"]

1. d4 Nf6 2. Nc3 d5 3. Bf4 g6 4. e3 Bg7 5. h4 h5 6. Qd2 O-O 7. Nf3 c5 8. O-O-O c4 9. Ne5 Qa5 10. a3 b5 11. f3 Na6 12. Nc6 Qb6 13. Nxe7+ Kh8 14. Nexd5 Nxd5 15. Nxd5 Qb7 16. e4 Be6 17. Nb4 Nxb4 18. axb4 a5 19. bxa5 b4 20. Bd6 Rxa5 21. Qxb4 Bh6+ 22. Kb1 Rfa8 23. c3 Rb5 24. d5 Rxb4 25.
Bxb4 Bd7 26. Bxc4 Ba4 27. b3 Bb5 28. Kb2 Bxc4 29. bxc4 Bg7 30. Kb3 Rc8 31. d6 Qc6 32.
c5 Rb8 33. d7 Rd8 34. Rd6 Qc7 35. Rhd1 Bf8 36. R6d5 Qc6 37. R1d3 Qe6 38. c4 Qa6 39. c6 Bxb4 40. c7 Qa3+ 41. Kc2 Qa2+ 42. Kd1 Qb1+ 43. Ke2 Qe1# 0-1

[Event "Late-Titled-Tuesday-Blitz-June-18-2024"]
[Site "Chess.com"]
[Date "2024.06.18"]
[Round "6"]
[White "Individoom"]
[Black "RantomOpening"]
[Result "0-1"]
[WhiteElo "2787"]
[BlackElo "2624"]
[TimeControl "180+1"]
[EndTime "15:09:08 PDT"]
[Termination "RantomOpening won by resignation"]

1. d4 g6 2. Nf3 Bg7 3. e4 d6 4. h3 Nc6 5. c3 e5 6. Bc4 Nf6 7. d5 Ne7 8. Bd3 O-O 9. g4 c6 10. c4 cxd5 11. cxd5 Nd7 12. Nc3 Nc5 13. Bc2 f5 14.
gxf5 gxf5 15. Rg1 f4 16. b4 Na6 17. a3 Ng6 18. Ng5 Nc7 19. Qh5 h6 20. Qxg6 hxg5 21. Rxg5 Qf6 22. Qh5 Bd7 23. Rg1 Be8 24. Qf3 Kh7 25.
Bb2 Qh6 26. Bd1 Bg6 27. Be2 Ne8 28. O-O-O Rc8 29. Kb1 Nf6 30. Qd3 Rxc3 31. Qxc3 Nxe4 32. Qc7 Nxf2+ 33. Ka1 Nxd1 34. Bxd1 f3 35. Rxg6 Qxg6 36. Bc2 f2 37. Bxg6+ Kxg6 38. Qxd6+ Kh7 39. Ka2 f1=Q 40.
Qc7 Qf2 41. d6 Qf7+ 42. Kb1 Qxc7 43. dxc7 Rc8 0-1

[Event "Late-Titled-Tuesday-Blitz-June-18-2024"]
[Site "Chess.com"]
[Date "2024.06.18"]
[Round "6"]
[White "cthulhuuu"]
[Black "aot317"]
[Result "0-1"]
[WhiteElo "2387"]
[BlackElo "2548"]
[TimeControl "180+1"]
[EndTime "15:09:08 PDT"]
[Termination "aot317 won by checkmate"]

1. e4 c5 2. Nf3 d6 3. g3 Nf6 4. d3 Nc6 5. Bg2 g6 6. O-O Bg7 7. Re1 O-O 8. c3 b5 9. d4 Rb8 10. dxc5 dxc5 11. Bf4 Rb7 12. e5 Nd5 13. Bc1 Rd7 14.
Qe2 a6 15. a4 c4 16. axb5 axb5 17. Na3 Qb6 18. Nc2 e6 19. Ncd4 Nxd4 20. Nxd4 Bb7 21. h4 h5 22. g4 hxg4 23. Qxg4 Ne7 24. h5 gxh5 25. Qxh5 Ng6 26. Bh6 Bxg2 27. Kxg2 Qb7+ 28.
f3 Ra8 29. Rxa8+ Qxa8 30. Qg5 Qa2 31. Bxg7 Kxg7 32. Qf6+ Kg8 33. Re2 Qb1 34. Kf2 b4 35. f4 Qh1 36. Nxe6 Qh2+ 37. Ke3 Rd3+ 38. Ke4 Qxe2+ 39.
Kf5 Qh5+ 40. Ng5 Nh4+ 41. Ke4 Qe2# 0-1

[Event "Late-Titled-Tuesday-Blitz-June-18-2024"]
[Site "Chess.com"]
[Date "2024.06.18"]
[Round "6"]
[White "AlphaPerseii"]
[Black "RebecaJimnz"]
[Result "1-0"]
[WhiteElo "2415"]
[BlackElo "2273"]
[TimeControl "180+1"]
[EndTime "15:09:08 PDT"]
[Termination "AlphaPerseii won by resignation"]

1. d4 d5 2. c4 c6 3. Nf3 Nf6 4. Nc3 e6 5. Bg5 Nbd7 6. e3 Be7 7.
Qc2 O-O 8. Bd3 h6 9. Bh4 dxc4 10. Bxc4 b5 11. Bd3 a6 12. a3 Bb7 13. b4 a5 14. Rb1 axb4 15. axb4 Nb6 16. O-O Nbd5 17. Nxd5 Nxd5 18. Bxe7 Qxe7 19. Qc5 Ra4 20. e4 Qxc5 21. bxc5 Nf6 22. Ra1 Rfa8 23. Rab1 Ra3 24. Rfd1 Rc3 25. Kf1 Raa3 26. Ke2 Ba6 27. Rb4 Nh5 28. g3 Nf6 29. Rd2 g5 30. Ne5 Bb7 31. h3 Kg7 32. f4 Ne8 33. Nf3 f6 34. fxg5 hxg5 35. Rb1 Ba6 36. Rb4 Bb7 37. h4 Kg6 38. hxg5 fxg5 39. Ne5+ Kf6 40.
Ke3 Ng7 41. Rf2+ Ke7 42. Rf7+ Ke8 43. Rxg7 g4 44. Rxb7 1-0

[Event "Late-Titled-Tuesday-Blitz-June-18-2024"]
[Site "Chess.com"]
[Date "2024.06.18"]
[Round "6"]
[White "JunjiCol"]
[Black "szachmistrz2500"]
[Result "0-1"]
[WhiteElo "2328"]
[BlackElo "2500"]
[TimeControl "180+1"]
[EndTime "15:09:09 PDT"]
[Termination "szachmistrz2500 won by checkmate"]

1. e4 c6 2. d4 d5 3. e5 Bf5 4. Nf3 e6 5. Be2 c5 6. Be3 Nd7 7.
O-O Qb6 8. Nc3 h6 9. a4 a6 10. a5 Qc7 11. Na4 c4 12. b3 Ne7 13.
bxc4 dxc4 14. Nb6 Nxb6 15. axb6 Qc6 16. Nd2 c3 17. Bf3 Nd5 18. Nb3 Bb4 19. Na5 Qd7 20.
Qb1 Be7 21. Qb3 Rc8 22. Bxd5 exd5 23. Rfc1 O-O 24. Qa4 Rfd8 25. Bf4 Qxa4 26. Rxa4 Rd7 27. f3 Bd8 28. Rb4 Be7 29. Rb3 g5 30. Bg3 g4 31.
f4 Be4 32. Be1 Kg7 33. g3 Kg6 34. Kf2 h5 35. Ke3 Kf5 36. Bxc3 Bd8 37. Be1 Rxc2 38. Rxc2 Bxc2 39. Rb2 Be4 40. Kd2 h4 41. Kc3 f6 42. Kb4 Bd3 43. Kc5 Bb5 44. Rxb5 Be7# 0-1

[Event "Late-Titled-Tuesday-Blitz-June-18-2024"]
[Site "Chess.com"]
[Date "2024.06.18"]
[Round "6"]
[White "Durarbayli"]
[Black "ZverevLev"]
[Result "0-1"]
[WhiteElo "2937"]
[BlackElo "2744"]
[TimeControl "180+1"]
[EndTime "15:09:11 PDT"]
[Termination "ZverevLev won on time"]

1. e4 e5 2. Nf3 Nc6 3. Bb5 a6 4.
Ba4 Nf6 5. d3 Bc5 6. Bxc6 dxc6 7.
Nbd2 Bd6 8. Nc4 Qe7 9. O-O O-O 10. b3 b5 11. Ne3 a5 12. a4 h6 13. Bd2 Be6 14.
axb5 cxb5 15. Bxa5 b4 16. Nd2 Bc5 17. Ndc4 Bxe3 18.
fxe3 Bxc4 19. bxc4 Qc5 20. d4 Qxc4 21. Qd3 Qxd3 22.
cxd3 b3 23. dxe5 Ng4 24. Rfb1 Rfb8 25. Bc3 Rxa1 26. Bxa1 Nxe3 27. Kf2 Nc2 28. Bc3 Na3 29. Rb2 c5 30. Ke3 c4 31. d4 Nb5 32. Be1 Ra8 33. d5 Ra2 34. Rb1 Na3 35. Rd1 b2 36. d6 Ra1 37. d7 Rxd1 38. Bd2 b1=Q 39. d8=Q+ Kh7 40. e6 fxe6 41. Ke2 c3 0-1

[Event "Late-Titled-Tuesday-Blitz-June-18-2024"]
[Site "Chess.com"]
[Date "2024.06.18"]
[Round "6"]
[White "FuenfgegenWilly"]
[Black "Mikayel99"]
[Result "0-1"]
[WhiteElo "2520"]
[BlackElo "2670"]
[TimeControl "180+1"]
[EndTime "15:09:11 PDT"]
[Termination "Mikayel99 won by resignation"]

1. e4 g6 2. Nc3 Bg7 3. f4 c5 4. Nf3 Nc6 5. Bb5 Nd4 6. O-O a6 7. Bd3 e6 8. Nxd4 cxd4 9. Ne2 d6 10. c3 dxc3 11. dxc3 Nf6 12. f5 O-O 13. Nf4 e5 14.
Nd5 Nxd5 15. exd5 Bxf5 16. Rxf5 gxf5 17. Bxf5 Qb6+ 18. Kh1 Qf2 19. g4 e4 20. Qg1 Qf3+ 21. Qg2 Qd1+ 22. Qg1 Qxd5 23. Be3 Qc6 24. Qg3 Rfe8 25.
Qh4 h6 26. Rg1 Qb5 27. Qf2 Re5 28. Rg2 Rae8 29. h4 Qd3 30. Kh2 Rb5 31. g5 Rxf5 32.
Qxf5 Qxe3 33. g6 Be5+ 34. Kh1 Qe1+ 35. Rg1 Qxh4+ 36. Kg2 Qg5+ 37. Qxg5 hxg5 38. gxf7+ Kxf7 39. Kf2 Ke7 40. Ke3 Rf8 41. Rxg5 Bf4+ 0-1

[Event "Late-Titled-Tuesday-Blitz-June-18-2024"]
[Site "Chess.com"]
[Date "2024.06.18"]
[Round "6"]
[White "Igor_Lysyj"]
[Black "dennisodessa"]
[Result "1-0"]
[WhiteElo "2850"]
[BlackElo "2616"]
[TimeControl "180+1"]
[EndTime "15:09:13 PDT"]
[Termination "Igor_Lysyj won on time"]

1. d4 Nf6 2. c4 e6 3. Nf3 Bb4+ 4. Bd2 a5 5. g3 b6 6. Bg2 Bb7 7. O-O O-O 8. a3 Be7 9. Nc3 Ne4 10. d5 Nxc3 11.
Bxc3 Bf6 12. Nd4 exd5 13. cxd5 a4 14. Rc1 d6 15. Nb5 Bxc3 16. Rxc3 Ra5 17. Nxc7 Nd7 18.
b4 axb3 19. Qxb3 Nc5 20. Rxc5 Rxc5 21. Nb5 Qa8 22. Rd1 Rd8 23. e4 Qa5 24. Nd4 g6 25. a4 Rdc8 26. h4 Rc3 27. Qb5 Rc1 28. Rxc1 Rxc1+ 29. Kh2 Qxb5 30. Nxb5 Ra1 31. Nxd6 Ba6 32.
Ne8 Rxa4 33. e5 Rd4 34. d6 Bc8 35. Nc7 Be6 36. Bh3 1-0

[Event "Late-Titled-Tuesday-Blitz-June-18-2024"]
[Site "Chess.com"]
[Date "2024.06.18"]
[Round "6"]
[White "BillCoe"]
[Black "NigelDwarf"]
[Result "0-1"]
[WhiteElo "2101"]
[BlackElo "2441"]
[TimeControl "180+1"]
[EndTime "15:09:13 PDT"]
[Termination "NigelDwarf won by resignation"]

1. e4 a6 2. Nf3 b5 3. d4 Bb7 4. Bd3 e6 5. O-O c5 6. c3 Nf6 7. Re1 d6 8. Bg5 Nbd7 9. e5 h6 10. Bh4 dxe5 11. dxe5 g5 12. Bg3 Nh5 13. Be4 Qc7 14.
Bxb7 Qxb7 15. Nbd2 O-O-O 16. Qe2 Bg7 17. a4 Nxg3 18. hxg3 g4 19. Nh2 Nxe5 20. axb5 Qxb5 21. Rxa6 Qxe2 22. Rxe2 Kb7 23. Ra1 Ra8 24. Rb1 Rhd8 25. Ne4 Kc6 26. b4 c4 27. b5+ Kb6 28. Nf1 Rd3 29.
Ne3 f5 30. Nd2 Rxc3 31. Nexc4+ Nxc4 32. Rxe6+ Kc5 33. Nb3+ Kxb5 34. Re7 Na3 35. Nd4+ Kc4 36. Rc7+ Kxd4 37. Rd1+ Ke4 38. Re7+ Be5 39. Re1+ Kd4 40. R7xe5 Nc2 41. R1e2 Ra1+ 42. Kh2 Nb4 43. Rxf5 Rcc1 44. Rf4+ Kd5 45. Rd2+ Kc5 46. Rf5+ Kb6 47. Rd6+ Nc6 0-1

[Event "Late-Titled-Tuesday-Blitz-June-18-2024"]
[Site "Chess.com"]
[Date "2024.06.18"]
[Round "6"]
[White "kalinchick"]
[Black "MathiasWomacka"]
[Result "0-1"]
[WhiteElo "2372"]
[BlackElo "2521"]
[TimeControl "180+1"]
[EndTime "15:09:14 PDT"]
[Termination "MathiasWomacka won by resignation"]

1. d4 Nf6 2. Nf3 e6 3. c4 Bb4+ 4. Bd2 Qe7 5. Bxb4 Qxb4+ 6. Qd2 Qxc4 7. Nc3 Qb4 8. e4 d5 9. e5 Nfd7 10. a3 Qe7 11. Bd3 O-O 12. O-O c5 13. Nb5 Nc6 14. Rfe1 a6 15. Nd6 cxd4 16. Rac1 Ndxe5 17. Nxe5 Qxd6 18. Nxc6 bxc6 19. Qc2 e5 20. Bxh7+ Kh8 21. Bf5 e4 22.
Bxc8 Raxc8 23. Qd2 d3 24. Re3 Kg8 25. Rg3 Qf6 26. Qe3 Qxb2 27. Rd1 c5 28. Qg5 Rc6 29. h4 Rg6 30. Qxd5 Rxg3 31. fxg3 Qe2 32. Rf1 d2 33. h5 e3 34. h6 gxh6 35. Qf5 d1=Q 36. Rxd1 Qxd1+ 37. Kh2 Rd8 38. Qf6 Qd6 39. Qf5 Qe6 40.
Qf4 e2 41. Qh4 Re8 0-1

[Event "Late-Titled-Tuesday-Blitz-June-18-2024"]
[Site "Chess.com"]
[Date "2024.06.18"]
[Round "6"]
[White "Statham_01"]
[Black "legendisback1"]
[Result "0-1"]
[WhiteElo "2708"]
[BlackElo "3008"]
[TimeControl "180+1"]
[EndTime "15:09:19 PDT"]
[Termination "legendisback1 won by checkmate"]

1. e4 a6 2. d4 e6 3. Bd3 d5 4.
exd5 exd5 5. Ne2 Bd6 6. O-O Nf6 7. Bf4 O-O 8. Nd2 Nc6 9. c3 Re8 10. Bxd6 Qxd6 11. h3 Ne7 12. Ng3 Ng6 13. Bxg6 hxg6 14. Nf3 Ne4 15. Ne5 Be6 16. Qd3 Nxg3 17. fxg3 Bf5 18.
Rxf5 gxf5 19. Qxf5 Qe6 20. Qh5 c6 21. Rf1 Re7 22.
Rf4 Qh6 23. Qf5 Qh7 24. Qg5 Rae8 25. Ng4 Qg6 26. Qh4 Re1+ 27. Kh2 Qb1 28. Nf2 Qxb2 29. Qh5 R8e7 30. Rh4 f6 31. Qh8+ Kf7 32. Qh5+ Kg8 33. Qh8+ Kf7 34. Rh7 Qxf2 35. Qxg7+ Ke8 36. Rh8+ Kd7 37.
Qg4+ f5 38. Qf4 Qg1# 0-1

[Event "Late-Titled-Tuesday-Blitz-June-18-2024"]
[Site "Chess.com"]
[Date "2024.06.18"]
[Round "6"]
[White "JoakimVonAnd"]
[Black "malakismayil"]
[Result "1-0"]
[WhiteElo "2743"]
[BlackElo "2559"]
[TimeControl "180+1"]
[EndTime "15:09:25 PDT"]
[Termination "JoakimVonAnd won on time"]

1. d4 d5 2. Nf3 Nf6 3. Bf4 e6 4. e3 Bd6 5. Bg3 c5 6. Bb5+ Nc6 7. O-O O-O 8. c3 Ne4 9. Nbd2 Nxd2 10. Qxd2 Bxg3 11. hxg3 cxd4 12. exd4 Ne7 13. Bd3 Bd7 14. a4 Rc8 15. g4 Qc7 16. g3 Ng6 17. Kg2 f6 18.
Rh1 Be8 19. Qc2 Qf7 20. Rae1 Rc6 21. Rh5 h6 22. a5 Ne7 23. Qe2 Nc8 24. Rhh1 Rd6 25. g5 fxg5 26. Nxg5 Qf6 27. Nxe6 Rf7 28. Nf4 Bd7 29. Qe5 Re7 30. Qxf6 gxf6 31. Rxe7 Nxe7 32. Rxh6 Kf7 33. Rh7+ Ke8 34. Rh8+ Kf7 35. Rb8 b6 36.
a6 Bc8 37. Bb5 Bd7 38. Bxd7 Rxd7 39. Rb7 Ke8 40. Ne6 Nc6 41. Ng7+ Ke7 42. Nf5+ Ke6 43.
g4 1-0

[Event "Late-Titled-Tuesday-Blitz-June-18-2024"]
[Site "Chess.com"]
[Date "2024.06.18"]
[Round "6"]
[White "campochess"]
[Black "egnfanclub"]
[Result "1-0"]
[WhiteElo "2197"]
[BlackElo "2334"]
[TimeControl "180+1"]
[EndTime "15:09:27 PDT"]
[Termination "campochess won by resignation"]

1. d4 d5 2. Bg5 f6 3. Bd2 Bf5 4. e3 e6 5. Bd3 Nh6 6. Bxf5 Nxf5 7. Qh5+ g6 8. Qf3 Bg7 9. c4 c6 10. cxd5 cxd5 11. Nc3 Nc6 12. Nge2 O-O 13. O-O Nd6 14. b3 Rc8 15. Rac1 f5 16. Nf4 Qd7 17. Nd3 Ne4 18.
Nc5 Nxd2 19. Qe2 Qe7 20. Qxd2 b6 21. Nd3 f4 22. Nxf4 Qf7 23. Nd3 a6 24. f4 Qe7 25.
Ne5 Nxe5 26. dxe5 Qb4 27. Nb1 Qe4 28. Rxc8 Rxc8 29. Rc1 Rc5 30. Nc3 Qb4 31. Rc2 Bf8 32. Kf2 Rc8 33. Ke2 Rd8 34. Na4 Qb5+ 35. Qd3 d4 36. Qxb5 axb5 37. exd4 bxa4 38. Ke3 axb3 39. axb3 b5 40. Rc6 Kf7 41. Rb6 b4 42. Ke4 Be7 43. g4 Rc8 44. d5 exd5+ 45. Kxd5 Rc3 46. e6+ Kf6 47. g5+ Kf5 48. Rb7 Bc5 49. Rf7+ Kg4 50. Rc7 Be7 51. Rxe7 Rxb3 52. Rb7 Rd3+ 53. Ke4 Rf3 54.
e7 Rxf4+ 55. Ke5 Rf1 56. Ke6 Re1+ 57. Kf7 Kxg5 58. e8=Q Rxe8 59. Kxe8 Kg4 60. Rxh7 b3 61.
Rb7 Kh3 62. Rxb3+ Kxh2 63. Rb5 g5 64. Rxg5 1-0

[Event "Late-Titled-Tuesday-Blitz-June-18-2024"]
[Site "Chess.com"]
[Date "2024.06.18"]
[Round "6"]
[White "A4RookA3"]
[Black "WildTricks"]
[Result "1/2-1/2"]
[WhiteElo "2436"]
[BlackElo "2702"]
[TimeControl "180+1"]
[EndTime "15:09:29 PDT"]
[Termination "Game drawn by repetition"]

1. d4 Nf6 2. Bf4 c5 3. e3 Qb6 4. Nc3 cxd4 5. exd4 a6 6. a3 d5 7.
Nf3 Bg4 8. h3 Bh5 9. Be2 e6 10.
O-O Bd6 11. Bxd6 Qxd6 12. Ne5 Bxe2 13. Nxe2 Nc6 14. Nd3 O-O 15. c3 b5 16. Re1 g6 17.
Nc5 a5 18. b4 Ne4 19. Qd3 f5 20. f3 Nxc5 21. dxc5 Qb8 22. Nd4 Ne5 23. Qxb5 Nxf3+ 24. gxf3 Qg3+ 25. Kf1 Qxh3+ 26. Kg1 Qg3+ 27. Kf1 Qh3+ 28. Ke2 axb4 29. axb4 e5 30. Rxa8 Rxa8 31. Nc2 Qg2+ 32. Kd1 Qxf3+ 33. Qe2 Qxc3 34. Qxe5 Qd3+ 35. Kc1 Ra2 36. Qe6+ Kg7 37. Qe7+ Kg8 38. Qd8+ Kg7 39.
Qe7+ Kg8 40. Qd8+ Kg7 41. Qe7+ 1/2-1/2

[Event "Late-Titled-Tuesday-Blitz-June-18-2024"]
[Site "Chess.com"]
[Date "2024.06.18"]
[Round "6"]
[White "RichardShtivelband"]
[Black "topin8"]
[Result "0-1"]
[WhiteElo "2380"]
[BlackElo "2528"]
[TimeControl "180+1"]
[EndTime "15:09:29 PDT"]
[Termination "topin8 won on time"]

1. d4 Nf6 2. c4 e6 3. Nc3 d5 4. cxd5 exd5 5. Bf4 Bd6 6. Bg3 c6 7. e3 Bf5 8. Qb3 b6 9. Rc1 O-O 10. Nf3 Ne4 11. Be2 Nxg3 12. hxg3 Qf6 13. Kf1 Nd7 14. Nh4 Bxg3 15. Nxf5 Qxf5 16. Bf3 Bd6 17. Ke2 Nf6 18. Rh3 Rfe8 19. Rch1 b5 20. g4 Qg6 21. Rg1 Bf4 22. Kd2 Bg5 23. Ne2 c5 24. dxc5 Rad8 25. Nd4 Ne4+ 26.
Bxe4 Rxe4 27. Qd3 Qf6 28. Ke2 Rde8 29. Kf1 Qa6 30. a3 Qf6 31. Rgg3 h6 32. Rf3 Qg6 33. Rhg3 Be7 34. Nf5 Bxc5 35. Qxd5 Bf8 36. Rf4 Rxf4 37.
exf4 Qf6 38. Qd4 Qc6 39. Re3 Qh1+ 40. Ke2 Rc8 41. Qd2 Qc6 42. Ng3 Qc4+ 43. Rd3 Re8+ 44. Kf3 Qc6+ 0-1

[Event "Late-Titled-Tuesday-Blitz-June-18-2024"]
[Site "Chess.com"]
[Date "2024.06.18"]
[Round "6"]
[White "Inepton_Fermion"]
[Black "aexmi"]
[Result "1-0"]
[WhiteElo "2410"]
[BlackElo "2273"]
[TimeControl "180+1"]
[EndTime "15:09:31 PDT"]
[Termination "Inepton_Fermion won by resignation"]

1. Nf3 Nf6 2. b3 g6 3. Bb2 Bg7 4. g3 O-O 5. Bg2 d5 6. c4 c6 7.
O-O Re8 8. d4 e6 9. Nc3 Nbd7 10.
Re1 Ne4 11. Nxe4 dxe4 12. Nd2 f5 13. f3 e3 14. Nf1 e5 15. Nxe3 exd4 16. Bxd4 Ne5 17.
Nc2 Be6 18. f4 Ng4 19. Bxg7 Kxg7 20. h3 Nf6 21. Qxd8 Raxd8 22. Rad1 Bf7 23. Kf2 h5 24. Ne3 Be6 25. Rxd8 Rxd8 26. Rd1 Rxd1 27. Nxd1 Kf7 28. Nc3 Ke7 29. e4 fxe4 30. Nxe4 Nxe4+ 31. Bxe4 Kf6 32. Kg2 g5 33. fxg5+ Kxg5 34. h4+ Kf6 35. Bf3 Bf7 36. Kf2 Ke5 37. Ke3 Bg6 38. b4 Be8 39.
a4 b5 40. axb5 cxb5 41. c5 Bf7 42. Bc6 Bg6 43. Bxb5 Kd5 44. Bd3 Bf7 45. Be4+ Kc4 46. c6 Be6 47. c7 Kxb4 48. Bb7 a5 49. c8=Q Bxc8 50. Bxc8 a4 51. Be6 a3 52. Kf4 Kc5 53. Kg5 Kd6 54. Ba2 Ke5 55. Kxh5 Kf5 56. g4+ Kf6 57.
g5+ Kg7 58. Kg4 Kh7 59. h5 Kg7 60. Kf5 Kh7 61. h6 Kh8 62. Kf6 Kh7 63. g6+ Kxh6 64. g7 1-0